 Dungeon Crawl Stone Soup version 0.22-a0-135-g6f012ad (webtiles) character file.

9 Azzok the Vexing (level 2, -1/15 HPs)
             Began as a Deep Elf Enchanter on Feb 1, 2018.
             Slain by a goblin
             ... wielding a +2 dagger of flaming
              (4 damage)
             ... on level 1 of the Dungeon.
             The game lasted 00:01:47 (854 turns).

Azzok the Vexing (Deep Elf Enchanter)                Turns: 854, Time: 00:01:47

Health: -1/15      AC:  3    Str:  5    XL:     2   Next: 6%
Magic:  3/8        EV: 13    Int: 19    God:
Gold:   40         SH:  0    Dex: 15    Spells: 4/7 levels left

rFire    . . .     SeeInvis .   a - +1 dagger
rCold    . . .     Gourm    .   (no shield)
rNeg     . . .     Faith    .   b - +0 robe
rPois    .         Spirit   .   (no helmet)
rElec    .         Reflect  .   (no cloak)
rCorr    +         Harm     .   (no gloves)
MR       .....                  i - +0 pair of boots
Stlth    +++.......             (no amulet)
HPRegen  0.05/turn              e - ring of resist corrosion
MPRegen  0.11/turn              (no ring)

@: no status effects
A: no striking features
a: no special abilities


You were on level 1 of the Dungeon.
You were not hungry.

You visited 1 branch of the dungeon, and saw 1 of its levels.

You collected 40 gold pieces.

Inventory:

Hand Weapons
 a - a +1 dagger (weapon)
Armour
 b - a +0 robe (worn)
 i - a +0 pair of boots (worn)
Jewellery
 e - a ring of resist corrosion (left hand)
Scrolls
 g - a scroll of noise {unknown}
 h - a scroll of amnesia {unknown}
Books
 c - a book of Maledictions

   Spells                             Type                      Level
   a - Corona                         Hexes                        1
   b - Ensorcelled Hibernation        Hexes/Ice                    2
   c - Confuse                        Hexes                        3
   d - Tukima's Dance                 Hexes                        3
   e - Dazzling Spray                 Conjuration/Hexes            3
Comestibles
 d - 2 rations
 f - 2 chunks of flesh


   Skills:
 + Level 1.4 Short Blades
 - Level 2.4 Dodging
 + Level 3.9 Stealth
 - Level 3.0 Spellcasting
 + Level 4.3 Hexes


You had 4 spell levels left.
You knew the following spells:

 Your Spells              Type           Power        Failure   Level  Hunger
a - Corona                Hex            ###....      2%          1    None
b - Ensorcelled Hibernat  Hex/Ice        ##....       10%         2    ##.....


Dungeon Overview and Level Annotations

Branches:
Dungeon (1/15)

Altars:


Message History

Aiming: Ensorcelled Hibernation (safe; 10% risk of failure)
Press: ? - help, Shift-Dir - straight line, f - goblin
Aim: a goblin, wielding a dagger of flaming (severely wounded, chance to defeat MR: 60%)
The goblin resists with significant effort.
The goblin hits you with a dagger of flaming.
The goblin burns you.
You barely miss the goblin.
The goblin is severely wounded.
The goblin hits you with a dagger of flaming.
* * * LOW HITPOINT WARNING * * *
The goblin burns you.
* * * LOW HITPOINT WARNING * * *
Casting: Ensorcelled Hibernation (safe; 10% risk of failure)
Confirm with . or Enter, or press ? or * to list all spells.
Aiming: Corona (safe; 2% risk of failure)
Press: ? - help, Shift-Dir - straight line, f/p - goblin
Aim: a goblin, wielding a dagger of flaming (severely wounded, chance to defeat MR: 73%)
The goblin is outlined in light.
The goblin hits you with a dagger of flaming.
You die...

▒▒▒ ▒·▒▒▒▒▒
▒▒▒▒▒▒▒▒▒▒▒·····▒
▒▒·············▒·▒
·▒ ···▒▒▒▒▒·▒·▒@▒
·▒ ▒·▒▒▒▒▒·▒·▒g▒
·▒ ▒·······▒·▒l▒
·▒ ▒·▒▒▒▒▒▒▒·▒K▒
·▒▒▒▒▒·▒÷·)·▒▒·▒·▒
·
·······▒·▒▒·▒▒·▒†▒
··· ·▒········▒·▒
·▒·▒▒▒·····
·▒·▒▒▒▒···▒·▒
▒······>··
·▒·▒····▒·▒·▒
▒··$l··l··


You could see a goblin, a kobold and a frilled lizard.

Vanquished Creatures
  A giant cockroach (D:1)
  A hobgoblin (D:1)
  A bat (D:1)
  2 frilled lizards (D:1)
  3 goblins (D:1)
  A kobold (D:1)
  3 rats (D:1)
12 creatures vanquished.

Notes
Turn   | Place    | Note
-------+----------+-------------------------------------------
     0 | D:1      | Azzok the Deep Elf Enchanter began the quest for the Orb.
     0 | D:1      | Reached XP level 1. HP: 10/10 MP: 6/6
   702 | D:1      | Reached XP level 2. HP: 15/15 MP: 8/8
   706 | D:1      | Learned a level 2 spell: Ensorcelled Hibernation
   854 | D:1      | Slain by a goblin

Vault maps used:
D:1:      ncdulo_wetmaze

Action                   || total
-------------------------++-------
Melee: Dagger            ||    45
 Cast: Corona            ||    10
       Ensorcelled Hiber ||     2
 Stab: Sleeping          ||     5
Armor: Robe              ||    10
Dodge: Dodged            ||    21

Table legend:
 A = Spawn XP
 B = Non-spawn XP
 C = Spawn XP percentage of total XP
 D = Spawn monster count
 E = Non-spawn monster count
 F = Spawn count percentage of total count
 G = Total turns spent on level
                    A         B        C        D         E        F      G
               +---------+---------+-------+---------+---------+-------+---------
         Total |       0 |      14 |   0.0 |       0 |      12 |   0.0 |   854
               +---------+---------+-------+---------+---------+-------+---------
           D:1 |       0 |      14 |   0.0 |       0 |      12 |   0.0 |   854
               +---------+---------+-------+---------+---------+-------+---------
